 Dungeon Crawl Stone Soup version 0.30-a0-394-g3e4acdb0ae (webtiles) character file.

Game seed: 3892138087490160811

205 vineage the Trooper (level 5, 0/85 HPs)
             Began as an Ogre Fighter on Dec 6, 2022.
             Slain by an orc
             ... wielding the +7 dagger of Xaufekhu {vorpal, rPois rC- Int+4 Stlth+}
              (2 damage)
             ... on level 3 of the Dungeon.
             The game lasted 00:02:54 (2808 turns).

vineage the Trooper (Ogre Fighter)                  Turns: 2808, Time: 00:02:56

Health: 0/85       AC:  3    Str: 22    XL:     5   Next: 83%
Magic:  5/5        EV: 11    Int:  9    God:
Gold:   94         SH:  0    Dex: 14    Spells: 4/4 levels left

rFire   . . .      SeeInvis .    e - +1 triple sword
rCold   . . .      Faith    .    (shield currently unavailable)
rNeg    . . .      Spirit   .    b - +0 robe
rPois   .          Reflect  .    (helmet restricted)
rElec   .          Harm     .    (no cloak)
rCorr   .          Rampage  .    (gloves unavailable)
Will    .....                    (boots unavailable)
Stlth   ..........               (no amulet)
HPRegen 0.34/turn                k - +6 ring of dexterity
MPRegen 0.09/turn                (no ring)

@: mighty, berserking, lethally poisoned (0 -> -8), very quick
A: large, unfitting armour, tough skin 1
a: no special abilities


You were on level 3 of the Dungeon.
You visited 1 branch of the dungeon, and saw 3 of its levels.

You collected 94 gold pieces.

Inventory:

Hand Weapons
 a - a +0 flail
 e - a +1 triple sword (weapon)
Armour
 b - a +0 robe (worn)
 c - a +0 kite shield
Jewellery
 i - a ring of willpower
 k - a +6 ring of dexterity (left hand)
 n - a +6 ring of strength
Scrolls
 j - 4 scrolls of identify
Potions
 d - a potion of might
 f - a potion of flight {unknown}
 l - a potion of attraction
 m - a potion of berserk rage
 p - a potion of degeneration {unknown}
 r - a potion of cancellation {unknown}


   Skills:
 + Level 5.3 Fighting
 * Level 3.2 Long Blades
 - Level 1.8 Maces & Flails
 + Level 3.6 Dodging
 - Level 3.0 Shields


You had 4 spell levels left.
You didn't know any spells.
Your spell library contained the following spells:

 Spells                   Type           Power      Damage    Failure   Level
 Scorch                   Fire           0%         2d5       52%         2
 Vhi's Electric Charge    Tloc/Air       0%         N/A       77%         3
 Animate Dead             Necr           0%         N/A       99%         4
 Flame Wave               Conj/Fire      0%         2d4       99%         4
 Arcjolt                  Conj/Air       0%         1d10      100%        5
 Borgnjor's Vile Clutch   Necr/Erth      0%         N/A       100%        5
 Death Channel            Necr           0%         N/A       100%        6
 Summon Cactus Giant      Summ           0%         N/A       100%        6
 Maxwell's Capacitive Co  Air            0%         ∞         100%        8


Dungeon Overview and Level Annotations

Branches:
Dungeon (3/15)

Altars:
Makhleb


Innate Abilities, Weirdness & Mutations

You are too large for most types of armour.
You have tough skin. (AC +1)


Message History

You feel sick. Xtruder99's ghost closely misses you.
Xtruder99's ghost hits you.
You are more poisoned.
You closely miss Xtruder99's ghost.
Xtruder99's ghost is heavily damaged.
You feel very sick.
Xtruder99's ghost hits you but does no damage.
You are more poisoned.
Xtruder99's ghost barely misses you.
You are too injured to fight recklessly!
You are too injured to fight recklessly!
You are too injured to fight recklessly!
You are too injured to fight recklessly!
You are too injured to fight recklessly!
You are too injured to fight recklessly!
You are too injured to fight recklessly!
You are too injured to fight recklessly!
You are too injured to fight recklessly!
You are too injured to fight recklessly!
You slice Xtruder99's ghost!!
You destroy Xtruder99's ghost!
* * * LOW HITPOINT WARNING * * *
You feel extremely sick.
The orc hits you with the +7 dagger of Xaufekhu {vorpal, rPois rC- Int+4 Stlth+}.
* * * LOW HITPOINT WARNING * * *
x2 Your Fighting skill increases to level 5!
Your Long Blades skill increases to level 3!
You have reached level 5!
It was a potion of berserk rage.
A red film seems to cover your vision as you go berserk!
You feel yourself moving faster!
You feel mighty!
* * * LOW HITPOINT WARNING * * *
You feel very sick. The orc barely misses you.
You closely miss the orc.
* * * LOW HITPOINT WARNING * * *
You feel sick.
The orc hits you with the +7 dagger of Xaufekhu {vorpal, rPois rC- Int+4 Stlth+}.
* * * LOW HITPOINT WARNING * * *
You die...

#########8.##...#.###
*8.....#........#..##
*..##[.#..###.##....#
*..8#..#..# #.###...###
*..##..#..# #.#.......######
###....#.#..# #....#.........##
##.#....#.'..#####.###...####...
#..#_.8.#.'..o###.## ##.........
##.#[...#.'.ooo@.## ##.####.##
#.#....#.#.o####.## ##.#####.#
#.#..##..#..# ##.###........##
###†#).8#..#..# ##.#.#######...
....#..##..#..# ##.## ####
#####8.....#..# ### *#######8.#
####


You could see 5 orcs.

Vanquished Creatures
  The ghost of Xtruder99 the Shooter, an amateur OpHu (D:3)
  2 adders (D:3)
  A worm (D:2)
  An orc (D:3)
  4 bats
  4 endoplasms
  4 giant cockroaches
  4 goblins
  5 hobgoblins
  8 jackals
  7 kobolds
  A quokka (D:3)
  4 ball pythons
  2 frilled lizards (D:1)
  13 rats
61 creatures vanquished.

Notes
Turn   | Place    | Note
-------+----------+-------------------------------------------
     0 | D:1      | vineage the Ogre Fighter began the quest for the Orb.
     0 | D:1      | Reached XP level 1. HP: 24/24 MP: 1/1
   211 | D:1      | Reached XP level 2. HP: 30/32 MP: 2/2
   550 | D:1      | Reached skill level 1 in Long Blades
   592 | D:1      | Found a faded altar of an unknown god.
  1273 | D:2      | Reached XP level 3. HP: 36/40 MP: 3/3
  1876 | D:3      | Reached XP level 4. HP: 26/49 MP: 4/4
  2141 | D:3      | Identified the +8 hand axe "Etoefebb" {freeze, +Blink rElec
                  | Str-3 Stlth+}
  2163 | D:3      | Found a burning altar of Makhleb.
  2266 | D:3      | Found a runed translucent gate.
  2266 | D:3      | Found a runed translucent gate.
  2266 | D:3      | Found a runed translucent gate.
  2278 | D:3      | Identified the +7 dagger of Xaufekhu {vorpal, rPois rC-
                  | Int+4 Stlth+}
  2278 | D:3      | Identified the +2 leather armour of Xatar {Will++}
  2669 | D:3      | Noticed Xtruder99's ghost (amateur OpHu)
  2806 | D:3      | Killed Xtruder99's ghost
  2807 | D:3      | Reached skill level 5 in Fighting
  2807 | D:3      | Reached XP level 5. HP: 8/57 MP: 5/5
  2808 | D:3      | HP: 2/85 [orc/the +7 dagger of Xaufekhu {vorpal, rPois rC-
                  | Int+4 Stlth+} (6)]
  2808 | D:3      | Slain by an orc

Illustrated notes

Levels and vault maps discovered:
D:1:      dpeg_arrival_tiny_j, layout_loops_ring,
          shapermc_ecumenical_altar_ellora, serial_bayou_pond_a
D:2:      layout_basic
D:3:      layout_loops_ring, mainiacjoe_overflow_alcove_1,
          biasface_ghost_orc_armoury

Skill      XL: |  1  2  3  4 |
---------------+-------------+-----
Long Blades    | 1 2 3 |  3.2
Dodging        | 3 |  3.6
Fighting       | 5 |  5.3
Maces & Flails | |  1.8
Shields        | |  3.0

Action                   |  1- 3 |  4- 6 || total
-------------------------+-------+-------++-------
Melee: Triple sword      |   176 |    56 ||   232
       Flail             |     1 |       ||     1
  Use: Scroll            |     2 |     5 ||     7
       Potion            |       |     2 ||     2
Armor: Robe              |    90 |    25 ||   115
Dodge: Dodged            |   142 |    48 ||   190

Table legend: (Time is in decaauts)
 A = Elapsed time spent in this place.
 B = Non-inter-level travel time spent in this place.
 C = Inter-level travel time spent in this place.
 D = Time resting spent in this place.
 E = Time spent auto-exploring this place.
 F = Levels seen in this place.
 G = Mean time per level.
                   A        B        C        D        E       F      G
               +--------+--------+--------+--------+--------+-----+--------+
         Total |   2976 |   2918 |     58 |    197 |   2104 |   3 |  992.0 |
       Dungeon |   2976 |   2918 |     58 |    197 |   2104 |   3 |  992.0 |
               +--------+--------+--------+--------+--------+-----+--------+

Top non-repeatable levels by time:
     D:2: 1070 daAuts
     D:3: 1009 daAuts
     D:1: 897 daAuts
